 Dungeon Sprint DCSS version 0.20.1-1-g8b1a95d (webtiles) character file.

34470 Kingsmith the Slayer (level 13, -8/148 HPs)
             Began as a Minotaur Berserker on Nov 19, 2017.
             Was the Champion of Trog.
             Killed from afar by a shock serpent (19 damage)
             ... with a bolt of electricity
             ... in the Dungeon (Sprint IX: "|||||||||||||||||||||||||||||").
             The game lasted 00:20:34 (2382 turns).

Kingsmith the Slayer (Minotaur Berserker)           Turns: 2382, Time: 00:20:36

Health: -8/148     AC: 37    Str: 34    XL:     13   Next: 42%
Magic:  12/12      EV: 17    Int:  8    God:    Trog [******]
Gold:   389        SH:  0    Dex: 11    Spells: 12/12 levels left

rFire    . . .     SeeInvis +   E - +9 sword of Zonguldrok {reap}
rCold    . . .     Gourm    .   (no shield)
rNeg     . . .     Faith    .   F - +10 chain mail of Mihue {*Drain rCorr SInv}
rPois    .         Spirit   .   z - +2 hat {Int+3}
rElec    .         Reflect  .   n - +0 cloak
rCorr    +         Harm     .   b - +1 pair of gloves {Str+3}
MR       .....     NoTele   +   v - +2 pair of boots
Stlth    ..........             (no amulet)
Regen    0.4/turn               p - +3 ring of strength
MPRegen  0.2/turn               q - +3 ring of strength

@: lethally poisoned (-8 -> -8), berserk cooldown, slowed, very slow
A: retaliatory headbutt, horns 2
a: Berserk, Trog's Hand, Brothers in Arms, Burn Spellbooks, Renounce Religion


You were in the Dungeon.
You worshipped Trog.
Trog was exalted by your worship.
You were very hungry.

You visited 1 branch You collected 1678 gold pieces.
You spent 1289 gold pieces at shops.

Inventory:

Hand Weapons
 a - a +6 triple sword of electrocution
 r - a +4 great sword of holy wrath
 s - a +3 great sword of flaming
 u - a +5 antimagic great sword
 y - a +4 great sword of freezing
 B - a +2 triple sword of slicing
 D - the +2 demon blade of Ziju {vamp, *Corrode rF++ MR+, unknown}
   (Trog gifted it to you in the Dungeon)

   It inflicts no extra harm, but heals its wielder when it wounds a living foe.
   It greatly protects you from fire.
   It affects your resistance to hostile enchantments.
   It may corrode you when you take damage.
 E - the +9 sword of Zonguldrok (weapon) {reap}
   (You found it in the Dungeon)

   If a monster killed with it leaves a corpse in good enough shape, the corpse
   will be animated as a zombie friendly to the killer.
Armour
 b - a +1 pair of gloves of strength (worn)
 n - a +0 cloak (worn)
 v - a +2 pair of boots (worn)
 z - a +2 hat of intelligence (worn)
 F - the +10 chain mail of Mihue (worn) {*Drain rCorr SInv}
   (You found it in the Dungeon)

   It lets you see invisible.
   It protects you from acid and corrosion.
   It causes draining when unequipped.
Jewellery
 p - a +3 ring of strength (left hand)
 q - a +3 ring of strength (right hand)
 A - an uncursed ring of protection from cold
 C - an uncursed ring of protection from magic
Scrolls
 i - 2 scrolls of blinking
 k - 4 scrolls of remove curse
 m - a scroll of fog
 w - a scroll of identify
 x - a scroll of fear
 G - a scroll of recharging
Potions
 d - 6 potions of curing
 e - 5 potions of heal wounds
 f - 5 potions of haste
 g - 4 potions of magic
 h - a potion of berserk rage
 j - a potion of invisibility
 t - 2 potions of agility
Comestibles
 c - 13 bread rations
 l - 36 fruits
 o - 12 meat rations


   Skills:
 * Level 23.0 Fighting
 + Level 17.7 Long Blades
 * Level 22.7 Armour
 + Level 15.9 Dodging


You had 12 spell levels left.
You didn't know any spells.

Dungeon Overview and Level Annotations

Branches:
Dungeon (1/1)

Altars:
Cheibriados
Dithmenos
Elyvilon
Fedhas
Gozag
Hepliaklqana
Kikubaaqudgha
Makhleb
Nemelex Xobeh
Okawaru
Qazlal
Ru
Sif Muna
Trog
Uskayaw
Vehumet
Xom
Yredelemnul
Zin
The Shining One
Beogh
Jiyva
Lugonu

Shops:
D [([(


Innate Abilities, Weirdness & Mutations

You reflexively headbutt those who attack you in melee.
You have a pair of horns on your head.


Message History

Trog accepts your kill.
The shock serpent completely misses your stone giant.
Your stone giant closely misses the shock serpent.
The shock serpent bites your stone giant!
The shock serpent shocks your stone giant!
You feel sick.
Something hits your stone giant but does no damage.
Your stone giant hits the shock serpent!
The shock serpent's electric aura discharges, shocking your stone giant!
The shock serpent shoots out a bolt of lightning at you!
The bolt of electricity hits your stone giant.
The bolt of electricity hits you!
* * * LOW HITPOINT WARNING * * *
Your stone giant hits the shock serpent!
The shock serpent's electric aura discharges, shocking your stone giant!
Your stone giant dies!
Your stone giant's corpse disappears in a puff of smoke!
The shock serpent shoots out a bolt of lightning at you!
The bolt of electricity hits you!
You die...

▓▓▓▓▓▓▓▓▓▓▓▓♣♣♣♣♣♣♣♣♣♣▓▓▓▓▓▓▓▓▓▓▓
.).)..†.)S§)....@.†..).....p..††.
▓▓▓▓▓▓▓▓▓▓▓▓♣♣♣♣♣♣♣♣♣♣▓▓▓▓▓▓▓▓▓▓▓
..................Z.p......p.....
▓▓▓▓▓▓▓▓▓▓▓▓▓▓▓▓▓▓▓▓▓▓▓▓▓▓▓▓▓▓▓▓▓
†.)()...(....)[[[[.[[[[.)))))).).
▓▓▓▓▓▓▓▓▓▓▓▓▓▓▓▓▓▓▓▓▓▓▓▓▓▓▓▓▓▓▓▓▓
.................................
▓▓▓▓▓▓▓▓▓▓▓▓▓▓▓▓▓▓▓▓▓▓▓▓▓▓▓▓▓▓▓▓▓
∩)))))'......).))))'.))...)$)[)[)


You could see a shock serpent.

Vanquished Creatures
  Gastronok (D)
  Kirke (D)
  3 stone giants (D)
  A spark wasp (D)
  A merfolk impaler (D)
  2 hydras (D)
  Harold (D)
  A ghost crab (D)
  A merfolk aquamancer (D)
  2 tengu warriors (D)
  6 orc high priests (D)
  A vampire mage (D)
  A skeletal warrior (D)
  An unseen horror (D)
  A spriggan druid (D)
  A harpy (D)
  4 orc knights (D)
  A glowing orange brain (D)
  An ugly thing (D)
  2 cyclopes (D)
  A wolf spider (D)
  3 manticores (D)
  A gargoyle (D)
  7 spiny frogs (D)
  A rime drake (D)
  A demonic crawler (D)
  A freezing wraith (D)
  A jumping spider (D)
  2 trolls (D)
  A slime creature (D)
  3 tyrant leeches (D)
  2 hippogriffs (D)
  A blink frog (D)
  A snapping turtle (D)
  A fire bat (shapeshifter) (D)
  3 yaks (D)
  2 basilisks (D)
  A hungry ghost (D)
  A hog (D)
  2 vampire mosquitoes (D)
  An acid dragon (D)
  A water moccasin (D)
  A porcupine (D)
  10 orc warriors (D)
  A centaur (D)
  2 crocodiles (D)
  4 bullfrogs (D)
  A howler monkey (D)
  An orc priest (D)
  A jelly (D)
  2 orc wizards (D)
  An adder zombie (D)
  3 leopard geckos (D)
  2 orcs (D)
  A bat zombie (D)
  A hobgoblin (D)
  2 jackals (D)
  A ball python skeleton (D)
  A frilled lizard (D)
  2 kobolds (D)
108 creatures vanquished.

Vanquished Creatures (collateral kills)
  A nagaraja (D)
  2 orc high priests (D)
  A shock serpent (D)
  3 orc knights (D)
  A manticore (D)
  A torpor snail (D)
  A naga mage (D)
  A demonic crawler (D)
  3 redbacks (D)
  A naga (D)
  2 orc warriors (D)
  An orc priest (D)
  3 orc wizards (D)
  3 orcs (D)
24 creatures vanquished.

Vanquished Creatures (others)
  A hydra (D)
  A naga mage (D)
  A tyrant leech (D)
  2 humans (D)
  A swamp drake (D)
6 creatures vanquished.

Grand Total: 138 creatures vanquished

Notes
Turn   | Place    | Note
-------+----------+-------------------------------------------
     0 | D        | Kingsmith the Minotaur Berserker began the quest for the Orb.
     0 | D        | Reached XP level 1. HP: 19/19 MP: 0/0
     4 | D        | Reached skill level 4 in Fighting
     8 | D        | Reached ** piety under Trog
    16 | D        | Noticed a howler monkey
    23 | D        | Reached XP level 2. HP: 21/28 MP: 1/1
    24 | D        | Reached *** piety under Trog
    29 | D        | Reached skill level 5 in Fighting
    29 | D        | Reached skill level 5 in Long Blades
    32 | D        | Killed a howler monkey
    32 | D        | Reached skill level 6 in Fighting
    32 | D        | Reached XP level 3. HP: 26/38 MP: 2/2
   183 | D        | Found a roughly hewn altar of Beogh.
   183 | D        | Found a snail-covered altar of Cheibriados.
   183 | D        | Found a shadowy altar of Dithmenos.
   183 | D        | Found a white marble altar of Elyvilon.
   183 | D        | Found a blossoming altar of Fedhas.
   183 | D        | Found an opulent altar of Gozag.
   184 | D        | Found a hazy altar of Hepliaklqana.
   185 | D        | Found a viscous altar of Jiyva.
   186 | D        | Found an ancient bone altar of Kikubaaqudgha.
   187 | D        | Found a corrupted altar of Lugonu.
   188 | D        | Found a burning altar of Makhleb.
   189 | D        | Found a sparkling altar of Nemelex Xobeh.
   190 | D        | Found an iron altar of Okawaru.
   191 | D        | Found a stormy altar of Qazlal.
   192 | D        | Found a sacrificial altar of Ru.
   193 | D        | Found a deep blue altar of Sif Muna.
   194 | D        | Found a bloodstained altar of Trog.
   195 | D        | Found a hide-covered altar of Uskayaw.
   196 | D        | Found a radiant altar of Vehumet.
   198 | D        | Found a shimmering altar of Xom.
   199 | D        | Found a basalt altar of Yredelemnul.
   200 | D        | Found a glowing silver altar of Zin.
   201 | D        | Found a glowing golden altar of the Shining One.
   276 | D        | Noticed a troll
   276 | D        | Noticed a hungry ghost
   276 | D        | Noticed a gargoyle
   280 | D        | Killed a gargoyle
   280 | D        | Reached **** piety under Trog
   280 | D        | Reached skill level 10 in Fighting
   280 | D        | Reached XP level 4. HP: 41/51 MP: 3/3
   280 | D        | Reached XP level 5. HP: 47/58 MP: 4/4
   280 | D        | Reached XP level 6. HP: 53/66 MP: 5/5
   284 | D        | Killed a hungry ghost
   287 | D        | Killed a troll
   287 | D        | Reached skill level 11 in Fighting
   287 | D        | Reached skill level 10 in Armour
   287 | D        | Reached XP level 7. HP: 59/74 MP: 6/6
   288 | D        | Reached ***** piety under Trog
   457 | D        | Noticed a skeletal warrior
   459 | D        | Reached skill level 12 in Fighting
   469 | D        | Killed an unseen horror
   469 | D        | Reached skill level 13 in Fighting
   469 | D        | Reached skill level 10 in Long Blades
   469 | D        | Reached XP level 8. HP: 84/86 MP: 7/7
   473 | D        | Killed a skeletal warrior
   475 | D        | Received a gift from Trog
   675 | D        | Noticed a rime drake
   675 | D        | Noticed a hippogriff
   676 | D        | Noticed a spiny frog
   676 | D        | Reached skill level 14 in Fighting
   676 | D        | Reached XP level 9. HP: 95/95 MP: 8/8
   679 | D        | Noticed a spiny frog
   684 | D        | Killed a rime drake
   696 | D        | Received a gift from Trog
   699 | D        | Killed a spiny frog
   699 | D        | Reached skill level 15 in Fighting
   699 | D        | Reached skill level 10 in Dodging
   700 | D        | Killed a spiny frog
   823 | D        | Received a gift from Trog
   824 | D        | Noticed an eight-headed hydra
   825 | D        | Reached skill level 15 in Armour
   827 | D        | Noticed a spiny frog
   828 | D        | Reached XP level 10. HP: 100/107 MP: 3/9
   836 | D        | Killed a ten-headed hydra
   836 | D        | Reached skill level 16 in Fighting
   841 | D        | Killed a spiny frog
   841 | D        | Reached ****** piety under Trog
   851 | D        | Noticed a spiny frog
   851 | D        | Noticed a spiny frog
   859 | D        | Killed a spiny frog
   859 | D        | Received a gift from Trog
   865 | D        | Killed a spiny frog
   865 | D        | Reached skill level 17 in Fighting
   876 | D        | Received a gift from Trog
  1057 | D        | Noticed Harold
  1063 | D        | Killed Harold
  1107 | D        | Noticed an orc high priest
  1116 | D        | Killed an orc high priest
  1116 | D        | Reached XP level 11. HP: 101/118 MP: 10/10
  1120 | D        | Received a gift from Trog
  1130 | D        | Received a gift from Trog
  1135 | D        | Got a slimy great sword {god gift}
  1147 | D        | Identified the +4 great sword of Linearity {slice, rC- Str+4 SInv} (Trog gifted it to you in the Dungeon)
  1154 | D        | Noticed an orc knight
  1161 | D        | Received a gift from Trog
  1166 | D        | Killed an orc knight
  1166 | D        | Reached skill level 18 in Fighting
  1216 | D        | Found Byoczougri's Weapon Boutique.
  1216 | D        | Noticed an orc knight
  1216 | D        | Noticed an orc high priest
  1216 | D        | Noticed an orc knight
  1216 | D        | Noticed an orc high priest
  1216 | D        | Noticed an orc high priest
  1217 | D        | Noticed an orc high priest
  1219 | D        | Noticed an orc high priest
  1223 | D        | Killed an orc high priest
  1225 | D        | Killed an orc high priest
  1226 | D        | Found Ehyigare's Armour Shop.
  1226 | D        | Killed an orc knight
  1226 | D        | Received a gift from Trog
  1231 | D        | Killed an orc high priest
  1238 | D        | Killed an orc knight
  1238 | D        | Reached skill level 19 in Fighting
  1241 | D        | Noticed an orc knight
  1245 | D        | Killed an orc high priest
  1246 | D        | Found Diddai's Weapon Boutique.
  1247 | D        | Killed an orc high priest
  1250 | D        | Noticed an orc knight
  1253 | D        | Noticed an orc high priest
  1261 | D        | Killed an orc knight
  1264 | D        | Noticed an orc knight
  1265 | D        | Killed an orc knight
  1265 | D        | Reached skill level 15 in Long Blades
  1267 | D        | Killed an orc high priest
  1270 | D        | Killed an orc knight
  1270 | D        | Received a gift from Trog
  1361 | D        | Found Jeanoup's Antique Armour Shop.
  1370 | D        | Noticed an orc knight
  1371 | D        | Noticed an orc high priest
  1375 | D        | Killed an orc knight
  1379 | D        | Killed an orc high priest
  1379 | D        | Reached XP level 12. HP: 129/132 MP: 11/11
  1389 | D        | Bought the +10 plate armour of Vanity {rElec rPois rC+ MR- Dex+3} for 1102 gold pieces
  1397 | D        | Bought a pair of glowing boots for 187 gold pieces
  1436 | D        | Noticed Gastronok
  1451 | D        | Killed Gastronok
  1451 | D        | Reached skill level 20 in Fighting
  1611 | D        | Got the +10 chain mail of Mihue {*Drain rCorr SInv}
  1691 | D        | Noticed a tengu warrior
  1691 | D        | Noticed a tengu warrior
  1698 | D        | Killed a tengu warrior
  1701 | D        | Received a gift from Trog
  1725 | D        | Killed a tengu warrior
  1740 | D        | Noticed a stone giant
  1746 | D        | Noticed a stone giant
  1754 | D        | Noticed a vampire mage
  1761 | D        | Killed a stone giant
  1761 | D        | Received a gift from Trog
  1761 | D        | Reached skill level 21 in Fighting
  1768 | D        | Killed a stone giant
  1771 | D        | Killed a vampire mage
  1772 | D        | Noticed a stone giant
  1781 | D        | Killed a stone giant
  2045 | D        | Noticed Kirke
  2047 | D        | Received a gift from Trog
  2052 | D        | Killed Kirke
  2052 | D        | Reached skill level 15 in Dodging
  2111 | D        | Noticed a spark wasp
  2113 | D        | Killed a spark wasp
  2131 | D        | Received a gift from Trog
  2131 | D        | Reached skill level 22 in Fighting
  2131 | D        | Reached XP level 13. HP: 145/145 MP: 12/12
  2175 | D        | Received a gift from Trog
  2176 | D        | Got a pitted demon blade {god gift}
  2306 | D        | Noticed a merfolk impaler
  2312 | D        | Received a gift from Trog
  2325 | D        | Killed a merfolk impaler
  2355 | D        | Noticed a nagaraja
  2376 | D        | Received a gift from Trog
  2377 | D        | Killed a nagaraja
  2377 | D        | Reached skill level 23 in Fighting
  2382 | D        | Killed from afar by a shock serpent

Skill      XL: |  1  2  3  4  5  6  7  8  9 10 11 12 13 |
---------------+----------------------------------------+-----
Fighting       | 4 6 10 11 13 14 15 17 19 22 23 | 23.0
Long Blades    | 4 6 8 9 10 11 12 13 15 16 17 | 17.7
Armour         | 3 8 10 12 13 15 17 19 21 22 | 22.7
Dodging        | 3 6 7 8 9 10 12 13 15 | 15.9

Action                   |  1- 3 |  4- 6 |  7- 9 | 10-12 | 13-15 || total
-------------------------+-------+-------+-------+-------+-------++-------
Melee: Falchion          |    21 |       |       |       |       ||    21
       Headbutt          |     5 |       |     8 |    58 |    14 ||    85
       Scimitar          |     3 |     5 |    54 |     7 |       ||    69
       Great sword       |       |       |       |    98 |       ||    98
       Double sword      |       |       |       |    54 |    37 ||    91
Invok: Berserk           |     2 |       |     1 |     3 |     1 ||     7
       Brothers in Arms  |       |       |       |     2 |     1 ||     3
       Trog's Hand       |       |       |       |     1 |       ||     1
  Use: Scroll            |       |       |     6 |       |     2 ||     8
       Potion            |       |       |       |     1 |     2 ||     3
 Stab: Distracted        |       |       |       |       |     1 ||     1
       Confused          |       |       |       |       |     1 ||     1
  Eat: Chunk             |       |       |     3 |     6 |       ||     9
       Fruit             |       |       |       |     4 |       ||     4
Armor: Animal skin       |     2 |       |       |       |       ||     2
       Troll leather arm |       |       |    14 |    13 |       ||    27
       Chain mail        |       |       |       |    17 |    37 ||    54
       Plate armour      |       |       |       |     1 |       ||     1
Dodge: Dodged            |    14 |     2 |    30 |    83 |    36 ||   165
       Rpst.: Falchion   |     4 |       |       |       |       ||     4
       Scimitar          |       |       |     6 |       |       ||     6
       Great sword       |       |       |       |     9 |       ||     9
       Double sword      |       |       |       |     8 |     7 ||    15
